 Dungeon Crawl Stone Soup version 0.21.1-1-g345015f (webtiles) character file.

382 empire the Ducker (level 6, -3/51 HPs)
             Began as a Gnoll Gladiator on Apr 5, 2018.
             Killed from afar by an orc wizard (5 damage)
             ... with a magic dart
             ... on level 4 of the Dungeon.
             The game lasted 00:04:51 (2007 turns).

empire the Ducker (Gnoll Gladiator)                 Turns: 2007, Time: 00:04:51

Health: -3/51      AC:  4    Str: 23      XL:     6   Next: 76%
Magic:  9/9        EV: 16    Int: 10 (11) God:
Gold:   173        SH:  0    Dex: 15 (16) Spells: 9/9 levels left

rFire    . . .     SeeInvis .   a - +0 war axe
rCold    . . .     Gourm    .   (no shield)
rNeg     + . .     Faith    .   b - +0 leather armour
rPois    +         Spirit   .   c - +0 helmet
rElec    .         Reflect  .   (no cloak)
rCorr    .         Harm     .   (no gloves)
MR       .....                  (no boots)
Stlth    ++........             (no amulet)
HPRegen  0.17/turn              r - ring of positive energy
MPRegen  0.11/turn              x - ring of poison resistance

@: mighty
A: distributed training, fangs 1, strong nose
a: no special abilities


You were on level 4 of the Dungeon.
You were not hungry.

You visited 1 branch of the dungeon, and saw 4 of its levels.

You collected 173 gold pieces.

Inventory:

Hand Weapons
 a - a +0 war axe (weapon)
Missiles
 d - 8 throwing nets (quivered)
 n - 13 arrows
 s - 14 bolts
Armour
 b - a +0 leather armour (worn)
 c - a +0 helmet (worn)
 p - a +0 large shield
 y - a +3 chain mail
Jewellery
 r - a ring of positive energy (left hand)
 x - a ring of poison resistance (right hand)
Scrolls
 e - 4 scrolls of remove curse {unknown}
 l - 3 scrolls of identify {unknown}
 q - a scroll of random uselessness {unknown}
 t - 4 scrolls of amnesia {unknown}
 u - 2 scrolls of enchant weapon {unknown}
Potions
 g - 2 potions of might
 h - 3 potions of degeneration
 i - a potion of heal wounds {unknown}
 j - 2 potions of curing
 k - 2 potions of magic {unknown}
 m - 2 potions of lignification
 o - a potion of haste
 v - 2 potions of mutation {unknown}
 w - a potion of ambrosia {unknown}
 z - a potion of cancellation {unknown}
Comestibles
 f - 7 rations
 A - 3 chunks of flesh


   Skills:
 + Level 5.0 Fighting
 + Level 2.0 Short Blades
 + Level 2.0 Long Blades
 + Level 6.8 Axes
 + Level 2.0 Maces & Flails
 + Level 2.0 Polearms
 + Level 2.0 Staves
 + Level 2.0 Slings
 + Level 2.0 Bows
 + Level 2.0 Crossbows
 + Level 5.0 Throwing
 + Level 2.0 Armour
 + Level 6.8 Dodging
 + Level 2.0 Stealth
 + Level 2.0 Shields
 + Level 2.0 Unarmed Combat
 + Level 2.0 Spellcasting
 + Level 1.6 Conjurations
 + Level 1.6 Hexes
 + Level 1.6 Charms
 + Level 1.6 Summonings
 + Level 1.6 Necromancy
 + Level 1.6 Translocations
 + Level 1.6 Transmutations
 + Level 1.6 Fire Magic
 + Level 1.6 Ice Magic
 + Level 1.6 Air Magic
 + Level 1.6 Earth Magic
 + Level 1.6 Poison Magic
 + Level 2.2 Invocations
 + Level 2.0 Evocations


You had 9 spell levels left.
You didn't know any spells.

Dungeon Overview and Level Annotations

Branches:
Dungeon (4/15)
 Temple: D:4-7

Altars:
Ashenzari
Yredelemnul


Innate Abilities, Weirdness & Mutations

Your experience applies equally to all skills.
You have very sharp teeth.
Your uncanny sense of smell can sniff out nearby items.


Message History

The orc priest calls upon Beogh to heal the orc wizard.
The orc wizard's wounds heal themselves!
The orc wizard closely misses you.
The orc priest calls down the wrath of Beogh upon you.
Beogh smites you!
* * * LOW HITPOINT WARNING * * *
The orc closely misses you.
You slash the orc!
You kill the orc!
You barely miss the orc. You slash the orc wizard! You slash the orc!
You kill the orc!
The orc closely misses you.
The orc wizard looks braver for a moment.
The orc priest casts a cantrip, but nothing happens.
You hit the orc. You bite the orc, but do no damage.
The orc is almost dead.
You closely miss the orc wizard. The orc barely misses you.
The orc wizard casts a spell at you. The magic dart hits you!
You die...

#.###### ###.....# ###
.#.####.#####.##
###.#.......##...###
#.......#.#.)......###########
#.#.#.#.#.#)[#.)@†...........#
#.#.#.#.#......oo#.#########.#
#.#.#.#.###..##.##.# #.#
#............##o##.# #.#
###.########.......# ####.##
#.# ###...### #.....# # #.###
#...o.# #.....### #.#.##
#.......# ##......##
#....####....oo...####........#


You could see an orc priest, an orc wizard and an orc.

Vanquished Creatures
  Eustachio (D:4)
  An orc wizard (D:4)
  A bullfrog skeleton (D:4)
  Jessica (D:2)
  A worker ant (D:4)
  5 adders
  A worm (D:3)
  A dart slug (D:1)
  2 leopard geckos
  10 orcs
  4 giant cockroaches
  8 goblins
  6 hobgoblins
  3 jackals (D:1)
  10 kobolds
  A quokka (D:3)
  A ball python (D:2)
  6 bats
  4 frilled lizards
  2 gnoll zombies (D:3)
  7 rats
76 creatures vanquished.

Notes
Turn   | Place    | Note
-------+----------+-------------------------------------------
     0 | D:1      | empire the Gnoll Gladiator began the quest for the Orb.
     0 | D:1      | Reached XP level 1. HP: 20/20 MP: 1/1
    69 | D:1      | Reached XP level 2. HP: 21/26 MP: 2/2
   255 | D:1      | Reached XP level 3. HP: 31/31 MP: 3/3
   487 | D:1      | Found a shattered altar of Ashenzari.
   571 | D:1      | Reached skill level 1 in Invocations
   749 | D:2      | Noticed Jessica
   753 | D:2      | Killed Jessica
   753 | D:2      | Reached skill level 1 in Short Blades
   753 | D:2      | Reached skill level 1 in Long Blades
   753 | D:2      | Reached skill level 1 in Maces & Flails
   753 | D:2      | Reached skill level 1 in Polearms
   753 | D:2      | Reached skill level 1 in Staves
   753 | D:2      | Reached skill level 1 in Slings
   753 | D:2      | Reached skill level 1 in Bows
   753 | D:2      | Reached skill level 1 in Crossbows
   753 | D:2      | Reached skill level 1 in Armour
   753 | D:2      | Reached skill level 1 in Stealth
   753 | D:2      | Reached skill level 1 in Shields
   753 | D:2      | Reached skill level 1 in Unarmed Combat
   753 | D:2      | Reached skill level 1 in Spellcasting
   753 | D:2      | Reached skill level 1 in Evocations
   753 | D:2      | Reached XP level 4. HP: 38/38 MP: 5/5
  1007 | D:3      | Reached skill level 1 in Conjurations
  1007 | D:3      | Reached skill level 1 in Hexes
  1007 | D:3      | Reached skill level 1 in Charms
  1007 | D:3      | Reached skill level 1 in Summonings
  1007 | D:3      | Reached skill level 1 in Necromancy
  1007 | D:3      | Reached skill level 1 in Translocations
  1007 | D:3      | Reached skill level 1 in Transmutations
  1007 | D:3      | Reached skill level 1 in Fire Magic
  1007 | D:3      | Reached skill level 1 in Ice Magic
  1007 | D:3      | Reached skill level 1 in Air Magic
  1007 | D:3      | Reached skill level 1 in Earth Magic
  1007 | D:3      | Reached skill level 1 in Poison Magic
  1081 | D:3      | Reached XP level 5. HP: 43/43 MP: 6/6
  1353 | D:3      | Found a basalt altar of Yredelemnul.
  1696 | D:4      | Noticed Eustachio
  1732 | D:4      | Killed Eustachio
  1732 | D:4      | Reached skill level 5 in Fighting
  1732 | D:4      | Reached skill level 5 in Throwing
  1732 | D:4      | Reached XP level 6. HP: 30/51 MP: 7/9
  2005 | D:4      | HP: 1/51 [orc priest/divine providence (14)]
  2007 | D:4      | Killed from afar by an orc wizard

Skill      XL: |  1  2  3  4  5 |
---------------+----------------+-----
Invocations    | 1 2 |  2.2
Short Blades   | 1 2 |  2.0
Long Blades    | 1 2 |  2.0
Maces & Flails | 1 2 |  2.0
Polearms       | 1 2 |  2.0
Staves         | 1 2 |  2.0
Slings         | 1 2 |  2.0
Bows           | 1 2 |  2.0
Crossbows      | 1 2 |  2.0
Armour         | 1 2 |  2.0
Stealth        | 1 2 |  2.0
Shields        | 1 2 |  2.0
Unarmed Combat | 1 2 |  2.0
Spellcasting   | 1 2 |  2.0
Evocations     | 1 2 |  2.0
Conjurations   | 1 |  1.6
Hexes          | 1 |  1.6
Charms         | 1 |  1.6
Summonings     | 1 |  1.6
Necromancy     | 1 |  1.6
Translocations | 1 |  1.6
Transmutations | 1 |  1.6
Fire Magic     | 1 |  1.6
Ice Magic      | 1 |  1.6
Air Magic      | 1 |  1.6
Earth Magic    | 1 |  1.6
Poison Magic   | 1 |  1.6
Fighting       | 5 |  5.0
Throwing       | 5 |  5.0
Axes           | |  6.8
Dodging        | |  6.8

Action                   |  1- 3 |  4- 6 || total
-------------------------+-------+-------++-------
Melee: War axe           |    90 |   105 ||   195
       Bite              |     7 |     7 ||    14
       Punch             |     1 |     1 ||     2
  Use: Potion            |       |     5 ||     5
 Stab: Distracted        |     1 |       ||     1
       Sleeping          |       |     1 ||     1
  Eat: Chunk             |       |     4 ||     4
Armor: Leather armour    |    18 |    18 ||    36
       Skin              |       |     4 ||     4
Dodge: Dodged            |    74 |   108 ||   182
